 Dungeon Crawl Stone Soup version 0.31-a0-180-g519b7de00c (webtiles) character file.

Game seed: 6009266955798488715

1504 rabbitsville the Skirmisher (level 8, -1/58 (61) HPs)
             Began as a Barachi Hunter on June 20, 2023.
             Was a Follower of Cheibriados.
             Slain by a hell rat (16 damage)
             ... on level 7 of the Dungeon.
             The game lasted 00:14:37 (6009 turns).

rabbitsville the Skirmisher (Barachi Hunter)        Turns: 6009, Time: 00:14:37

HP:   -1/58 (61)    AC:  6    Str: 16    XL:     8   Next: 82%
MP:   13/13         EV: 14    Int: 12    God:    Cheibriados [*.....]
Gold: 145           SH:  5    Dex: 21    Spells: 14/14 levels left

rFire   + + +        a - +0 shortbow
rCold   . . .        (shield currently unavailable)
rNeg    . . .        t - +0 steam dragon scales
rPois   .            (no helmet)
rElec   .            (no cloak)
rCorr   .            m - +0 pair of gloves
SInv    .            (no boots)
Will    .....        g - amulet of reflection
Stlth   ++           n - ring of Moki {Wiz rF+++}
HPRegen 0.29/turn    q - ring of flight
MPRegen 0.13/turn

%: reflection, wizardry (x1)
@: unable to hop, flying, lightly drained, very slow
A: amphibious, slowness 1, strong legs 1, +LOS
a: Hop, Renounce Religion, Bend Time


You were on level 7 of the Dungeon.
You worshipped Cheibriados.
Cheibriados was aware of your devotion.
You visited 2 branches of the dungeon, and saw 8 of its levels.

You collected 295 gold pieces.
You spent 150 gold pieces at shops.

Inventory:

Hand Weapons
 a - a +0 shortbow (weapon)
Armour
 c - a +0 leather armour
 m - a +0 pair of gloves (worn)
 t - +0 steam dragon scales (worn)
Jewellery
 g - an amulet of reflection (around neck)
 n - the ring of Moki (left hand) {Wiz rF+++}
   (You bought it in a shop on level 3 of the Dungeon)

   [ring of wizardry]

   It improves your spell success rate.
   rF:        It renders you almost immune to fire.
 q - a ring of flight (right hand)
Scrolls
 b - a scroll of butterflies
 e - a scroll of fear {unknown}
 f - a scroll of fog {unknown}
 h - 3 scrolls of teleportation
 i - a scroll of enchant armour {unknown}
 j - 2 scrolls of noise {unknown}
 l - 2 scrolls of enchant weapon {unknown}
 o - a scroll of poison {unknown}
 p - a scroll of amnesia {unknown}
 r - 4 scrolls of identify {unknown}
 w - a scroll of vulnerability {unknown}
Potions
 d - 2 potions of magic {unknown}
 k - a potion of haste {unknown}
 s - 2 potions of cancellation {unknown}
 u - a potion of ambrosia {unknown}


   Skills:
 - Level 4.6 Fighting
 * Level 8.6 Ranged Weapons
 - Level 4.2 Dodging
 - Level 0.8 Stealth
 + Level 3.8 Spellcasting
 + Level 4.1 Conjurations


You had 14 spell levels left.
You didn't know any spells.
Your spell library contained the following spells:

 Spells                   Type           Power      Damage    Failure   Level
 Sublimation of Blood     Necr           2%         N/A       14%         2
 Gell's Gravitas          Tloc           2%         N/A       26%         3
 Teleport Other           Tloc           2%         N/A       26%         3
 Petrify                  Tmut/Erth      2%         N/A       63%         4
 Irradiate                Conj/Tmut      3%         3d12      69%         5
 Dispersal                Tloc           1%         N/A       100%        6


Dungeon Overview and Level Annotations

Branches:
Dungeon (7/15)             Temple (1/1) D:5

Altars:
Ashenzari
Cheibriados
Dithmenos
Elyvilon
Fedhas
Gozag
Hepliaklqana
Kikubaaqudgha
Makhleb
Nemelex Xobeh
Ru
Uskayaw
Vehumet
Wu Jian
Xom
Zin

Shops:
D:3 *:*   D:6 *

Annotations:
D:5 exclusion: 2 doors


Innate Abilities, Weirdness & Mutations

You are amphibious.
You cover ground slowly.
You can hop short distances.
You have an extended range of vision and can be seen from far away.


Message History

Unknown command.
You feel better. The hell rat misses you.
A river rat comes into view.
Press: ? - help, v - describe, . - travel
Here: a river rat The floor.
Fire: a) +0 shortbow
Press: ? - help, Q - select action, (/) - cycle Shift-Dir - straight line, f/p - hell rat
Aim: a hell rat (68% to hit)
You shoot an arrow. The arrow barely misses the hell rat.
The hell rat completely misses you. The river rat completely misses you.
Fire: a) +0 shortbow
Press: ? - help, Q - select action, (/) - cycle Shift-Dir - straight line, f/p - hell rat
Aim: a hell rat (68% to hit)
You shoot an arrow.
The arrow hits the hell rat but does no damage.
The hell rat bites you!
* * * LOW HITPOINT WARNING * * *
The river rat closely misses you.
You feel better. The hell rat barely misses you.
The river rat closely misses you.
The hell rat bites you but does no damage.
You feel better. The hell rat closely misses you.
The river rat barely misses you.
Fire: a) +0 shortbow
Press: ? - help, Q - select action, (/) - cycle Shift-Dir - straight line, f/p - hell rat
Aim: a hell rat (68% to hit)
You shoot an arrow.
The arrow hits the hell rat but does no damage.
The hell rat bites you.
* * * LOW HITPOINT WARNING * * *
The river rat bites you.
* * * LOW HITPOINT WARNING * * *
Fire: a) +0 shortbow
Press: ? - help, Q - select action, (/) - cycle Shift-Dir - straight line, f - quokka, p - hell rat
Aim: a quokka (60% to hit)
You shoot an arrow. The arrow hits the hell rat.
The hell rat is moderately wounded.
The hell rat bites you!
You die...

## #. #.
#r## #@#
##rr....#
.......#
......##
#$...##
#####


You could see a hell rat, a river rat and a quokka.

Vanquished Creatures
  Grinder (D:5)
  A steam dragon (D:6)
  A black bear (D:6)
  An ice beast (D:6)
  A phantom (D:4)
  3 scorpions
  A wight (D:7)
  A killer bee (D:5)
  2 howler monkeys
  3 hounds
  A jelly (D:6)
  3 iguanas
  Natasha (thrice) (D:2)
  12 adders
  7 gnolls
  A river rat (D:7)
  An ufetubus (D:4)
  10 dart slugs
  10 orcs
  6 endoplasms
  7 giant cockroaches
  9 goblins
  5 hobgoblins
  6 jackals
  4 quokkas
  11 ball pythons
  3 bats
  7 frilled lizards
  6 kobolds
  9 rats
136 creatures vanquished.

Notes
Turn   | Place    | Note
-------+----------+-------------------------------------------
     0 | D:1      | rabbitsville the Barachi Hunter began the quest for the
                  | Orb.
     0 | D:1      | Reached XP level 1. HP: 17/17 MP: 1/1
   101 | D:1      | Reached XP level 2. HP: 22/23 MP: 2/2
   488 | D:1      | Reached XP level 3. HP: 28/28 MP: 3/3
   793 | D:2      | Noticed Natasha
   800 | D:2      | Killed Natasha
   801 | D:2      | Reached XP level 4. HP: 24/35 MP: 4/4
   889 | D:2      | Reached skill level 5 in Ranged Weapons
   894 | D:2      | Noticed Natasha
   900 | D:2      | Killed Natasha
   949 | D:2      | Noticed Natasha
   966 | D:2      | Killed Natasha
   967 | D:2      | Reached XP level 5. HP: 28/42 MP: 5/5
  1403 | D:3      | Found an opulent altar of Gozag.
  1690 | D:3      | Found Foric's Book Shop.
  1781 | D:3      | Reached XP level 6. HP: 48/48 MP: 6/6
  1785 | D:3      | Found Esaigh's General Store.
  1813 | D:3      | Found Garoshriy's Assorted Antiques.
  1816 | D:3      | Bought a brightly glowing pewter ring for 150 gold pieces
  1816 | D:3      | Identified the ring of Moki {Wiz rF+++} (You bought it in a
                  | shop on level 3 of the Dungeon)
  2158 | D:4      | Reached skill level 6 in Ranged Weapons
  3360 | D:5      | Entered Level 5 of the Dungeon
  3373 | D:4      | Reached XP level 7. HP: 48/55 MP: 7/7
  3403 | D:5      | Noticed Grinder
  3410 | D:5      | Paralysed by Grinder for 2 turns
  3422 | D:5      | Killed Grinder
  3423 | D:5      | Reached skill level 7 in Ranged Weapons
  3423 | D:5      | Reached skill level 1 in Spellcasting
  3423 | D:5      | Reached skill level 1 in Conjurations
  3613 | D:5      | Found a hide-covered altar of Uskayaw.
  3670 | D:5      | Found a staircase to the Ecumenical Temple.
  3680 | Temple   | Entered the Ecumenical Temple
  3783 | Temple   | Became a worshipper of Cheibriados the Contemplative
  4722 | D:6      | Found Pullojad's General Store.
  4741 | D:6      | Reached XP level 8. HP: 45/61 MP: 11/11
  5190 | D:6      | Found a faded altar of an unknown god.
  5190 | D:6      | Found a faded altar of an unknown god.
  5191 | D:6      | Found a hazy altar of Hepliaklqana.
  5227 | D:6      | Reached skill level 8 in Ranged Weapons
  5375 | D:6      | Reached * piety under Cheibriados
  6009 | D:7      | Slain by a hell rat

Illustrated notes

Levels and vault maps discovered:
D:1:      minmay_arrival_radiant_lines, layout_loops_corners,
          minmay_pentomino_o4
D:2:      layout_rooms, minivault_24, uniq_natasha
D:3:      kennysheep_slugbush, layout_basic, lemuel_round_altar, serial_shops,
          shop, nicolae_shop_getting_attention,
          nicolae_shop_tiny_real_fake_doors
D:4:      layout_layer_cave, kennysheep_small_circle
D:5:      cheibrodos_two_vegetables, layout_loops_cross,
          nicolae_uskayaw_dance_hall, temple_fountains, uniq_grinder
D:6:      layout_basic, nicolae_hepliaklqana_ecumenical_no_more, serial_shops,
          nicolae_shop_pleasant_corner_grove
D:7:      lemuel_ratsnest, layout_gridville, mainiacjoe_overflow_alcove_2,
          minivault_24, hangedman_decor_riveting
Temple:   dshaligram_water_room_temple

Skill      XL: |  1  2  3  4  5  6  7  8 |
---------------+-------------------------+-----
Fighting       | 3 4 |  4.6
Dodging        | 3 4 |  4.2
Ranged Weapons | 5 6 7 8 |  8.6
Spellcasting   | 2 3 |  3.8
Conjurations   | 2 4 |  4.1
Stealth        | |  0.8

Action                     |  1- 3 |  4- 6 |  7- 9 || total
---------------------------+-------+-------+-------++-------
   Fire: Shortbow          |    83 |   264 |   247 ||   594
Ability: Hop               |       |       |     1 ||     1
    Use: Potion            |       |     3 |     3 ||     6
         Scroll            |       |       |     1 ||     1
 Armour: Leather armour    |     3 |    20 |    14 ||    37
         Steam dragon scal |       |       |    20 ||    20
  Dodge: Dodged            |     7 |    70 |    92 ||   169
  Block: Other             |     4 |    20 |    28 ||    52
         Reflection        |     2 |     1 |       ||     3

Table legend: (Time is in decaauts)
 A = Elapsed time spent in this place.
 B = Non-inter-level travel time spent in this place.
 C = Inter-level travel time spent in this place.
 D = Time resting spent in this place.
 E = Time spent auto-exploring this place.
 F = Levels seen in this place.
 G = Mean time per level.
                   A        B        C        D        E       F      G
               +--------+--------+--------+--------+--------+-----+--------+
         Total |   7430 |   7222 |    208 |    386 |   5540 |   8 |  928.8 |
       Dungeon |   7277 |   7097 |    180 |    386 |   5474 |   7 | 1039.6 |
        Temple |    153 |    125 |     28 |      0 |     66 |   1 |  153.0 |
               +--------+--------+--------+--------+--------+-----+--------+

Top non-repeatable levels by time:
     D:4: 1682 daAuts
     D:6: 1664 daAuts
     D:5: 1497 daAuts
     D:1: 888 daAuts
     D:2: 706 daAuts
     D:3: 705 daAuts
  Temple: 153 daAuts
     D:7: 132 daAuts
